 Dungeon Crawl Stone Soup version 0.29-a0-352-g0917bc69df (webtiles) character file.

Game seed: 6693864360989602833

112 Colgate the Cutter (level 5, -1/30 HPs)
             Began as a Kobold Brigand on Apr 24, 2022.
             Was a High Priest of Ignis.
             Slain by a gnoll
             ... wielding a +0 spear
              (10 damage)
             ... on level 3 of the Dungeon.
             The game lasted 00:18:25 (4514 turns).

Colgate the Cutter (Kobold Brigand)                 Turns: 4514, Time: 00:18:25

Health: -1/30      AC:  3    Str:  8    XL:     5   Next: 16%
Magic:  7/7        EV: 13    Int: 14    God:    Ignis [*****.]
Gold:   114        SH:  4    Dex: 17    Spells: 7/7 levels left

rFire   + + .      SeeInvis .   a - +2 dagger
rCold   . . .      Faith    .   t - +0 buckler
rNeg    . . .      Spirit   .   s - +0 robe
rPois   .          Reflect  .   (no helmet)
rElec   .          Harm     .   c - +0 cloak
rCorr   .          Rampage  .   (no gloves)
Will    .....                   (no boots)
Stlth   ++++......              (no amulet)
HPRegen 0.10/turn               j - ring of protection from fire
MPRegen 0.10/turn               (no ring)

@: no status effects
A: small, no large weapons, nightstalker 3
a: Renounce Religion, Fiery Armour, Foxfire Swarm, Rising Flame


You were on level 3 of the Dungeon.
You worshipped Ignis.
Ignis was extremely pleased with you.
You visited 1 branch of the dungeon, and saw 3 of its levels.

You collected 114 gold pieces.

Inventory:

Hand Weapons
 a - a +2 dagger (weapon)
 b - the +4 hunting sling "Leviticus" {flame, rElec rF++ rCorr Str-3}
   (You found it on level 3 of the Dungeon)

   Any ammunition fired from it burns those it strikes, dealing additional fire
   damage.
   Str:       It affects your strength (-3).
   rF:        It greatly protects you from fire.
   rElec:     It insulates you from electricity.
   rCorr:     It protects you from acid and corrosion.
Missiles
 d - 7 poisoned darts (quivered)
 e - 2 curare-tipped darts
 g - 4 silver boomerangs
Armour
 c - a +0 cloak (worn)
 i - a +0 chain mail
 s - a +0 robe (worn)
 t - a +0 buckler (worn)
Jewellery
 j - a ring of protection from fire (left hand)
 k - a ring of fire
 p - an amulet of guardian spirit
Wands
 u - a wand of charming (8)
Scrolls
 f - a scroll of amnesia {unknown}
 h - 7 scrolls of identify {unknown}
 n - a scroll of fog {unknown}
 q - a scroll of teleportation {unknown}
 v - a scroll of magic mapping {unknown}
Potions
 l - a potion of heal wounds {unknown}
 m - 3 potions of haste {unknown}
 o - 2 potions of mutation {unknown}
 r - 2 potions of curing {unknown}


   Skills:
 - Level 2.1 Fighting
 - Level 6.0 Short Blades
 - Level 2.1 Throwing
 - Level 1.2 Dodging
 - Level 5.3 Stealth
 + Level 1.5 Spellcasting


You had 7 spell levels left.
You didn't know any spells.
Your spell library contained the following spells:

 Spells                   Type           Power      Damage    Failure   Level
 Conjure Flame            Conj/Fire      1%         6-21      75%         3
 Frozen Ramparts          Ice            2%         1d2       75%         3
 Ignite Poison            Fire/Tmut/Pois 1%         N/A       75%         3
 Ice Form                 Ice/Tmut       1%         N/A       98%         4
 Sticky Flame             Conj/Fire      1%         2d3       98%         4
 Summon Ice Beast         Ice/Summ       1%         N/A       98%         4


Dungeon Overview and Level Annotations

Branches:
Dungeon (3/15)

Altars:
Ignis

Shops:
D:1 :(::(


Innate Abilities, Weirdness & Mutations

You are small and have problems with some larger weapons.
You are completely attuned to the shadows.


Message History

You barely miss the adder. The adder misses you.
You closely miss the adder. You block the adder's attack.
You hit the adder.
You kill the adder!
You feel weaker.
The +4 hunting sling "Leviticus" {flame, rElec rF++ rCorr Str-3} bursts into flame!
b - the +4 hunting sling "Leviticus" (weapon)
{flame, rElec rF++ rCorr Str-3} A bat comes into view.
The bat moves out of view.
A bat is nearby!
You shoot a sling bullet.
The sling bullet closely misses the bat.
The bat hits you but does no damage.
You shoot a sling bullet. The sling bullet misses the bat.
The bat closely misses you.
You shoot a sling bullet. The sling bullet hits the bat!
The sling bullet burns the bat.
You kill the bat!
Magic restored.
HP restored.
Found 27 stones.
A gnoll comes into view. It is wielding a +0 spear.
The +4 hunting sling "Leviticus" {flame, rElec rF++ rCorr Str-3} stops flaming.
a - a +2 dagger (weapon)
You closely miss the gnoll.
The gnoll shouts!
You closely miss the gnoll. You hit the gnoll but do no damage.
The gnoll hits you with a +0 spear!
You hit the gnoll. The gnoll hits you with a +0 spear.
You are too injured to fight recklessly!
You closely miss the gnoll. The gnoll hits you with a +0 spear.
You hit the gnoll. You hit the gnoll. The gnoll barely misses you.
You hit the gnoll but do no damage. The gnoll hits you with a +0 spear.
* * * LOW HITPOINT WARNING * * *
You barely miss the gnoll. The gnoll barely misses you.
You hit the gnoll. You hit the gnoll. The gnoll misses you.
You hit the gnoll but do no damage. The gnoll hits you with a +0 spear!
You die...

##### #...#
#.#.# ##g#r#
#..#.##
##..#..##
###..?##..#
#..$..###.#
#.#@..# #.##
...#g#.# #r.#
####.#..###.#
#...# # #.#
.... .# ##.###
#.# ..(..#.#.#
#..# #r#
#...#..#.#
##.## #.####
#........###..#
#.....
#...#....##..##
#.#.....


You could see a gnoll.

Vanquished Creatures
  3 gnolls (D:2)
  4 adders
  2 worms (D:2)
  An orc (D:3)
  5 endoplasms
  2 giant cockroaches (D:1)
  A hobgoblin (D:1)
  4 kobolds
  A quokka (D:2)
  8 ball pythons
  9 bats
  2 frilled lizards (D:3)
  A goblin (D:3)
  3 rats
  A spectral kobold (D:1)
47 creatures vanquished.

Notes
Turn   | Place    | Note
-------+----------+-------------------------------------------
     0 | D:1      | Colgate the Kobold Brigand began the quest for the Orb.
     0 | D:1      | Reached XP level 1. HP: 12/12 MP: 1/1
   115 | D:1      | Reached skill level 3 in Short Blades
   163 | D:1      | Reached XP level 2. HP: 17/17 MP: 2/2
   368 | D:1      | Found a faded altar of an unknown god.
   379 | D:1      | Prayed at the altar of an unknown god.
   379 | D:1      | Became a worshipper of Ignis, the Dying Flame
   440 | D:1      | Found Neafiol's Antique Weapon Shoppe.
   461 | D:1      | Found Senuuxym's Antique Weapon Emporium.
   556 | D:1      | Found Zaruz's Book Emporium.
   630 | D:1      | Found Tumpe's Book Boutique.
   661 | D:1      | Found Melu's Book Boutique.
   686 | D:1      | Reached skill level 4 in Short Blades
  1111 | D:1      | Reached XP level 3. HP: 21/21 MP: 3/3
  1869 | D:2      | Reached skill level 5 in Short Blades
  2135 | D:2      | Reached XP level 4. HP: 8/26 MP: 4/4
  3805 | D:3      | Reached skill level 6 in Short Blades
  3960 | D:3      | Reached skill level 1 in Spellcasting
  3962 | D:3      | Identified the +4 hunting sling "Leviticus" {flame, rElec
                  | rF++ rCorr Str-3}
  4052 | D:3      | HP: 1/26 [gnoll/+0 spear (5)]
  4058 | D:3      | Reached XP level 5. HP: 2/30 MP: 6/6
  4514 | D:3      | Slain by a gnoll

Illustrated notes

Levels and vault maps discovered:
D:1:      matt_arrival_spirals, layout_loops_corners, serial_shops, shop, shop,
          shop, nicolae_shop_advertising_works [nicolae_subvault_shop_adworks],
          shop, dreamdust_ecumenical_altar_drowned_temple, st_stairs_11,
          chequers_serial_rivers_micro_d, minmay_liquid_box,
          kennysheep_nondescript
D:2:      layout_loops_corners
D:3:      layout_rooms

Skill      XL: |  1  2  3  4 |
---------------+-------------+-----
Short Blades   | 3 4 5 6 |  6.0
Spellcasting   | 1 |  1.5
Fighting       | |  2.1
Throwing       | |  2.1
Dodging        | |  1.2
Stealth        | |  5.3

Action                   |  1- 3 |  4- 6 || total
-------------------------+-------+-------++-------
Melee: Dagger            |    51 |    52 ||   103
       Punch             |       |     1 ||     1
 Fire: Hunting sling     |       |     7 ||     7
Throw: Dart              |     1 |     7 ||     8
 Stab: Sleeping          |    13 |     5 ||    18
Armor: Robe              |     5 |     4 ||     9
Dodge: Dodged            |    34 |    28 ||    62
Block: Buckler           |       |     6 ||     6

Table legend: (Time is in decaauts)
 A = Elapsed time spent in this place.
 B = Non-inter-level travel time spent in this place.
 C = Inter-level travel time spent in this place.
 D = Time resting spent in this place.
 E = Time spent auto-exploring this place.
 F = Levels seen in this place.
 G = Mean time per level.
                   A        B        C        D        E       F      G
               +--------+--------+--------+--------+--------+-----+--------+
         Total |   4504 |   4359 |    145 |    340 |   3198 |   3 | 1501.3 |
       Dungeon |   4504 |   4359 |    145 |    340 |   3198 |   3 | 1501.3 |
               +--------+--------+--------+--------+--------+-----+--------+

Top non-repeatable levels by time:
     D:2: 2545 daAuts
     D:1: 1518 daAuts
     D:3: 440 daAuts
